AoeStats
← dashuaibi

Pilgrims

509568230Analyzed
4v4 RM · 5d ago on Sep 27, 2026· 37m 8s· 8 players
Game mode
Random Map
Map size
Large (8 player)
Population
200
Speed
Normal
Resources
Standard
Victory
Conquest
Starting age
Dark Age
Ending age
Imperial Age
RankedLock teamsTeams togetherTeam positionsShared explorationLock speedFull tech treeHidden civsTurbo modeCheats
Victory
Defeat
🇹🇼 Cumans · Taiwan
1409
+14
1395
+14
🇭🇰 Khmer · Hong Kong SAR China
1376
+15
🇹🇼 Varangians · Taiwan
1372
+15
🇨🇳 Italians · China
1412
-16
🇲🇽 Celts · Mexico
1391
-16
🇺🇸 Berbers · United States
1337
-14
🇲🇽 Khmer · Mexico
1281
-12
虫
8:21 Loom
13:11 Feudal Age
13:33 Fishing Lines
16:26 Castle Age
15:00 Double-Bit Axe
17:59 Gillnets
19:34 Wheelbarrow
18:53 Gold Mining
18:53 Stone Mining
20:06 Bow Saw
20:50 Gold Shaft Mining
20:50 Stone Shaft Mining
20:08 Town Watch
21:08 Horse Collar
22:53 Heavy Plow
24:40 Hand Cart
25:01 Town Patrol
29:45 Imperial Age
29:28 Husbandry
29:39 Bloodlines
29:53 Scale Barding Armor
29:59 Forging
31:01 Chain Barding Armor
31:55 Crop Rotation
32:50 Conscription
32:32 Tusk Swords
33:02 Elite Battle Elephant
34:54 Plate Barding Armor
34:55 Iron Casting
Astor
4:56 Loom
9:09 Feudal Age
11:57 Double-Bit Axe
12:29 Fletching
24:17 Wheelbarrow
25:23 Gold Mining
29:08 Castle Age
27:20 Stone Mining
29:21 Bloodlines
29:08 Horse Collar
31:09 Gold Shaft Mining
33:55 Bow Saw
33:14 Capped Ram
35:50 Heavy Plow
Vis
11:06 Feudal Age
9:22 Loom
11:12 Feudal Age
12:17 Double-Bit Axe
12:33 Fishing Lines
15:17 Castle Age
13:10 Gold Mining
13:59 Scale Barding Armor
14:04 Forging
13:48 Horse Collar
14:58 Bloodlines
15:54 Gillnets
16:19 Bow Saw
17:23 Chain Barding Armor
18:11 Wheelbarrow
19:13 Horse Collar
20:18 Town Watch
28:30 Light Cavalry
29:11 Husbandry
29:47 Iron Casting
30:33 Fletching
32:45 Vendel Legacy
38:34 Imperial Age
36:19 Hand Cart
36:05 Town Patrol
海岛奇兵常凯申
5:10 Loom
10:18 Feudal Age
13:01 Horse Collar
13:49 Double-Bit Axe
16:38 Wheelbarrow
20:20 Castle Age
21:40 Fletching
23:24 Bodkin Arrow
34:48 Imperial Age
36:19 Padded Archer Armor
36:22 Bracer
36:23 Padded Archer Armor
37:42 Bow Saw
El Senador
8:00 Loom
11:25 Feudal Age
11:53 Double-Bit Axe
15:05 Gold Mining
15:43 Fletching
17:15 Horse Collar
21:53 Castle Age
21:30 Stone Mining
El Gobernador
4:01 Loom
5:40 Loom
12:26 Feudal Age
16:50 Castle Age
17:22 Double-Bit Axe
18:28 Fletching
19:10 Bodkin Arrow
[3 ♢ ♢ ♢ ]
7:57 Loom
13:18 Feudal Age
16:15 Double-Bit Axe
19:19 Castle Age
19:13 Scale Barding Armor
21:51 Bow Saw
23:50 Fletching
25:59 Bodkin Arrow
dashuaibi
4:13 Loom
10:43 Feudal Age
11:43 Fishing Lines
13:19 Forging
13:50 Gold Mining
14:07 Double-Bit Axe
15:04 Fletching
18:55 Castle Age
16:54 Horse Collar
17:39 Stone Mining
20:03 Bow Saw
20:11 Medium Warships
19:58 Gillnets
21:03 Iron Casting
20:58 Careening
20:59 Clinker Construction
22:03 Stone Shaft Mining
21:55 Ballistics
25:17 Imperial Age
23:22 Wheelbarrow
22:33 Town Watch
23:31 Ballistics
23:24 Padded Archer Armor
25:05 Thumb Ring
24:54 Fletching
25:20 Leather Archer Armor
27:13 Hand Cart
28:03 Bodkin Arrow
30:33 Bracer
31:49 Chemistry
31:50 Ring Archer Armor
33:30 Conscription
33:56 Carvel Hull
34:23 Elite Genoese Crossbowman
36:04 Masonry
36:58 Hoardings
Connection lost

Rejoining the realm…

Still unreachable

The connection could not be restored.

Session expired

The server has moved on; the page needs a fresh start.